 Dungeon Crawl Stone Soup version 0.31-a0-1612-g4aaf141004 (webtiles) character file.

Game seed: 10455836410326867935

21690 grandjackal the Warmonger (level 12, -9/150 HPs)
             Began as a Demonspawn Gladiator on Jan 9, 2024.
             Was a High Priest of Okawaru.
             Killed from afar by a frost giant (21 damage)
             ... with a bolt of cold
             ... on level 13 of the Dungeon.
             The game lasted 00:18:50 (13578 turns).

grandjackal the Warmonger (Demonspawn Gladiator)   Turns: 13578, Time: 00:18:51

Health: -9/150     AC: 24    Str: 20    XL:     12   Next: 56%
Magic:  16/22      EV:  8    Int:  8    God:    Okawaru [*****.]
Gold:   712        SH: 13    Dex: 15    Spells: 11/11 levels left

rFire   + . .        A - +3 broad axe (elec)
rCold   + . .        g - +0 kite shield
rNeg    . . .        Z - +1 plate armour {rPois}
rPois   +            M - +2 helmet
rElec   +            (no cloak)
rCorr   +            L - +0 pair of gloves
SInv    .            (no boots)
Will    .....        V - amulet of the acrobat Stlth
                     l - +4 ring of protection
HPRegen 0.45/turn    K - ring of flight
MPRegen 0.18/turn

%: acrobat
@: mighty, berserking, resistant, heroic, flying, very quick
A: thin metallic scales 2, condensation shield, demonic magic 2, weakness
stinger 2
a: Renounce Religion, Heroism, Finesse, Duel


You were on level 13 of the Dungeon.
You worshipped Okawaru.
Okawaru was extremely pleased with you.
You visited 1 branch of the dungeon, and saw 13 of its levels.
You also visited: Bailey and Gauntlet.

You collected 1019 gold pieces.
You spent 307 gold pieces at shops.

Inventory:

Hand Weapons
 y - a +0 hand cannon of flaming
 A - a +3 broad axe of electrocution (weapon)
 Y - the +9 eveningstar "Wyryasamp" {flame, Will- Str+4 Dex+4}
   (You found it in a Gauntlet)

   Str+4:     It affects your strength (+4).
   Dex+4:     It affects your dexterity (+4).
   Will-:     It decreases your willpower.
Missiles
 d - 4 throwing nets (quivered)
 e - 31 javelins
 W - 4 silver javelins
Armour
 g - a +0 kite shield (worn)
 j - a +2 scale mail of poison resistance
 w - a +1 scale mail of fire resistance
 G - a +3 scale mail of willpower
 L - a +0 pair of gloves (worn)
 M - a +2 helmet (worn)
 P - the +3 ring mail of Ethics {rElec}
   (You found it on level 10 of the Dungeon)

   rElec:     It insulates you from electricity.
 Z - a +1 plate armour of poison resistance (worn)
Jewellery
 l - a +4 ring of protection (left hand)
 H - a ring of fire
 K - a ring of flight (right hand)
 U - the ring "Zuzuegere" {Fly rF- rN+ rCorr}
   (You found it in a Gauntlet)

   [ring of positive energy]

   rF-:       It makes you vulnerable to fire.
   rN+:       It protects you from negative energy.
   Fly:       It grants you flight.
   rCorr:     It protects you from acid and corrosion.
 V - an amulet of the acrobat (around neck)
Wands
 z - a wand of flame (29)
 B - a wand of polymorph (8)
 C - a wand of iceblast (16)
 Q - a wand of acid (5)
 X - a wand of mindburst (20)
Scrolls
 b - 2 scrolls of torment {unknown}
 h - 2 scrolls of poison
 k - 3 scrolls of amnesia {unknown}
 n - a scroll of silence {unknown}
 o - a scroll of noise
 p - 3 scrolls of revelation {unknown}
 q - 6 scrolls of teleportation {unknown}
 x - 3 scrolls of vulnerability {unknown}
 D - a scroll of immolation
 J - a scroll of fear {unknown}
 O - a scroll of enchant armour
 T - a scroll of blinking
Potions
 a - a potion of magic
 m - a potion of lignification
 s - a potion of attraction
 u - 2 potions of haste
 v - 3 potions of cancellation
 E - 3 potions of enlightenment
 I - a potion of ambrosia
 N - 5 potions of curing
Miscellaneous
 c - a tin of tremorstones (2/2)
 S - a lightning rod (4/4)


   Skills:
 + Level 11.0(16.0) Fighting
 + Level 9.3(14.7) Axes
 - Level 4.1(12.2) Maces & Flails
 - Level 1.7(6.7) Throwing
 - Level 3.0(8.0) Dodging
 + Level 9.8(14.8) Shields
 + Level 13.5 Invocations


You had 11 spell levels left.
You didn't know any spells.
Your spell library contained the following spells:

 Spells                   Type           Power      Damage    Failure   Level
 Apportation              Tloc           0%         N/A       100%        1
 Freeze                   Ice            0%         1d3       100%        1
 Blink                    Tloc           0%         N/A       100%        2
 Ensorcelled Hibernation  Hex/Ice        0%         N/A       100%        2
 Lesser Beckoning         Tloc           0%         N/A       100%        2
 Mercury Vapours          Alch/Air       0%         N/A       100%        2
 Momentum Strike          Conj/Tloc      0%         3d8       100%        2
 Dazzling Flash           Conj/Hex       0%         N/A       100%        3
 Frozen Ramparts          Ice            0%         1d1       100%        3
 Fugue of the Fallen      Necr           0%         N/A       100%        3
 Hailstorm                Conj/Ice       0%         3d5       100%        3
 Mephitic Cloud           Conj/Alch/Air  0%         N/A       100%        3
 Passwall                 Erth           0%         N/A       100%        3
 Teleport Other           Tloc           0%         N/A       100%        3
 Volatile Blastmotes      Fire/Tloc      0%         2d10      100%        3
 Anguish                  Hex/Necr       0%         N/A       100%        4
 Cause Fear               Hex            0%         N/A       100%        4
 Dimensional Bullseye     Hex/Tloc       0%         N/A       100%        4
 Iskenderun's Mystic Bla  Conj/Tloc      0%         2d3       100%        4
 Freezing Cloud           Conj/Ice/Air   0%         6-21      100%        5
 Starburst                Conj/Fire      0%         6d3       100%        6
 Enfeeble                 Hex            0%         N/A       100%        7
 Maxwell's Capacitive Co  Air            0%         ∞         100%        8
 Shatter                  Erth           0%         3d5*      100%        9
 Tukima's Dance           Hex            Unusable   N/A       N/A         3

Dungeon Overview and Level Annotations

Branches:
Dungeon (13/15)            Temple (0/1) D:6            Lair (0/5) D:8
    Orc (0/2) D:10         Bailey (visited)         Gauntlet (visited)
 Vaults: D:13-14

Altars:
Ashenzari
Cheibriados
Dithmenos
Fedhas
Okawaru
Ru
Sif Muna
Uskayaw
Wu Jian
Xom

Shops:
D:3 [   D:4 (   D:11 :


Innate Abilities, Weirdness & Mutations

You are mostly covered in thin metallic scales. (AC +3)
A meltable shield of frost defends you. (SH +0)
Spells you cast may paralyse nearby enemies.
You have a tail ending in a sharp stinger.


Message History

You feel protected.
The frost giant hits you with a +1 battleaxe of freezing!
* * * LOW HITPOINT WARNING * * *
The frost giant freezes you.
* * * LOW HITPOINT WARNING * * *
Unknown command.
A red film seems to cover your vision as you go berserk!
Your finesse ends abruptly.
You feel yourself moving faster!
You feel mighty!
The frost giant gestures at you while chanting.
The bolt of cold hits you! You resist.
* * * LOW HITPOINT WARNING * * *
You block the fire giant's attack.
You slice the fire giant!!
Lightning courses through the fire giant!
The fire giant is moderately wounded.
You slash the frost giant! You slash the fire giant!
Lightning courses through the fire giant!
The fire giant is severely wounded.
You hit the frost giant but do no damage.
Lightning courses through the frost giant!!
The frost giant hits you with a +1 battleaxe of freezing!
* * * LOW HITPOINT WARNING * * *
The frost giant freezes you.
* * * LOW HITPOINT WARNING * * *
The fire giant hits you with a +1 great sword of flaming.
* * * LOW HITPOINT WARNING * * *
Your condensation shield dissipates!
You slash the fire giant!
The fire giant is severely wounded.
You hit the frost giant.
Lightning courses through the frost giant!
Unknown command.
You slice the fire giant!!
The fire giant is almost dead.
You hit the frost giant.
Lightning courses through the frost giant!
The frost giant casts a spell at you. The bolt of cold hits you!! You resist.
You die...

##..##..#.####.
...##..#..##..##........
#.##..###..##..##....###
.##..##)##..##..##......
##..##|..'..)##..##...##
.##..##..##)##..##...##
#.##..##C.###..##....#
#.##.C##Q.#..##.[.#.#
#.##C@##...##......#
##.##..##.##.#######
......##..###.##
#.####.##..#..# #
##.##....# ##.#..#.#
..........# .######.###
#..


You could see a frost giant, a fire giant, a tengu reaver (repels missiles) and
an ettin.

Vanquished Creatures
  A minotaur (Gauntlet)
  Harold (D:9)
  Erolcha (D:9)
  A hydra (D:12)
  A centaur warrior (D:12)
  2 two-headed ogres (D:10)
  A deep elf pyromancer (D:12)
  Pikel (D:7)
  A moth of wrath (Gauntlet)
  3 cyclopes
  A smoke demon (Gauntlet)
  2 gargoyles
  A komodo dragon (D:8)
  A red devil (Gauntlet)
  Psyche (D:8)
  2 hornets (Gauntlet)
  3 trolls
  Grinder (D:6)
  A wyvern (D:9)
  3 wraiths
  3 shadows
  3 fire elementals
  2 steam dragons
  32 yaks
  9 vampire mosquitoes
  2 redbacks (Gauntlet)
  2 water moccasins
  12 orc warriors
  3 ice beasts
  A sky beast (D:7)
  An ogre (D:6)
  11 centaurs
  A phantom (D:6)
  Blork the orc (D:4)
  A bullfrog (D:6)
  A scorpion (D:6)
  A gnoll sergeant (D:9)
  3 wights (D:8)
  4 killer bees (D:9)
  4 howler monkeys
  4 crimson imps (Gauntlet)
  2 hounds (D:6)
  3 bombardier beetles (D:4)
  A jelly (D:7)
  A gnoll bouda (D:5)
  5 orc priests
  Crazy Yiuf (D:4)
  2 sleepcaps
  5 iguanas
  6 orc wizards
  Ijyb (D:4)
  13 gnolls
  3 adders
  8 ufetubi
  47 orcs
  4 endoplasms
  8 goblins
  10 hobgoblins
  4 quokkas
  5 ball pythons
  5 bats
  7 frilled lizards
  5 kobolds
  4 rats (D:1)
280 creatures vanquished.

Vanquished Creatures (others)
  A cyclops (D:12)
1 creature vanquished.

Grand Total: 281 creatures vanquished

Notes
Turn   | Place    | Note
-------+----------+-------------------------------------------
     0 | D:1      | grandjackal the Demonspawn Gladiator began the quest for
                  | the Orb.
     0 | D:1      | Reached XP level 1. HP: 16/16 MP: 1/1
   175 | D:1      | Gained mutation: A meltable shield of frost defends you.
                  | (SH +0) [demonic ancestry]
   175 | D:1      | Reached XP level 2. HP: 16/22 MP: 2/2
   734 | D:2      | Reached XP level 3. HP: 16/28 MP: 3/3
  1310 | D:3      | Found Hycorul's Armour Emporium.
  1322 | D:3      | Found an iron altar of Okawaru.
  1351 | D:3      | Became a worshipper of Warmaster Okawaru
  1410 | D:3      | Reached skill level 1 in Shields
  1410 | D:3      | Gained mutation: You have a small tail. [demonic ancestry]
  1410 | D:3      | Reached XP level 4. HP: 14/35 MP: 4/4
  1546 | D:3      | Reached skill level 1 in Invocations
  1592 | D:3      | Found a shadowy altar of Dithmenos.
  2108 | D:3      | Bought a +1 scale mail of fire resistance for 224 gold
                  | pieces
  2261 | D:4      | Reached skill level 2 in Invocations
  2261 | D:4      | Gained mutation: Spells you cast may paralyse adjacent
                  | enemies. [demonic ancestry]
  2261 | D:4      | Reached XP level 5. HP: 41/41 MP: 6/6
  2280 | D:4      | Found Kahosoic's Firing Range.
  2406 | D:4      | Found a hide-covered altar of Uskayaw.
  2435 | D:4      | Noticed Ijyb
  2569 | D:4      | Bought a +0 hand cannon of flaming for 83 gold pieces
  2598 | D:4      | Noticed Blork the orc
  2601 | D:4      | Killed Blork the orc
  2601 | D:4      | Reached * piety under Okawaru
  2605 | D:4      | Reached skill level 3 in Invocations
  2605 | D:4      | Reached XP level 6. HP: 48/48 MP: 6/8
  2687 | D:4      | Killed Ijyb
  2816 | D:4      | Found a runed translucent door.
  2817 | D:4      | Noticed Crazy Yiuf
  3052 | D:4      | Killed Crazy Yiuf
  3128 | D:5      | Entered Level 5 of the Dungeon
  3504 | D:5      | Reached skill level 1 in Axes
  3677 | D:5      | Noticed a water moccasin
  3699 | D:5      | Killed a water moccasin
  3700 | D:5      | Reached skill level 4 in Invocations
  3700 | D:5      | Gained mutation: Spells you cast may paralyse nearby
                  | enemies. [demonic ancestry]
  3700 | D:5      | Reached XP level 7. HP: 32/55 MP: 8/10
  4132 | D:6      | Reached ** piety under Okawaru
  4184 | D:6      | Noticed Grinder
  4202 | D:6      | Reached skill level 5 in Invocations
  4215 | D:6      | Paralysed by Grinder for 2 turns
  4221 | D:6      | Killed Grinder
  4222 | D:6      | Reached skill level 5 in Fighting
  4222 | D:6      | Reached XP level 8. HP: 28/62 MP: 10/12
  4350 | D:6      | Reached *** piety under Okawaru
  4354 | D:6      | Reached skill level 6 in Invocations
  4509 | D:6      | Found a staircase to the Ecumenical Temple.
  5047 | D:7      | Found a snail-covered altar of Cheibriados.
  5052 | D:7      | Found a sacrificial altar of Ru.
  5062 | D:7      | Found an ornate altar of the Wu Jian Council.
  5270 | D:7      | Reached skill level 5 in Shields
  5270 | D:7      | Reached skill level 7 in Invocations
  5399 | D:7      | Noticed Pikel
  5408 | D:7      | Killed Pikel
  5408 | D:7      | Reached **** piety under Okawaru
  5409 | D:7      | Reached XP level 9. HP: 71/71 MP: 12/14
  6099 | D:8      | Found a shimmering altar of Xom.
  6107 | D:8      | Reached skill level 8 in Invocations
  6246 | D:8      | Noticed a komodo dragon
  6247 | D:8      | Found a staircase to the Lair.
  6260 | D:8      | Killed a komodo dragon
  6261 | D:8      | Reached skill level 5 in Axes
  6352 | D:8      | Noticed Psyche
  6364 | D:8      | Killed Psyche
  6680 | D:9      | Noticed Erolcha
  6681 | D:9      | Noticed Harold
  6696 | D:9      | Killed Erolcha
  6697 | D:9      | Reached skill level 9 in Invocations
  6697 | D:9      | Gained mutation: You are partially covered in thin metallic
                  | scales. (AC +2) [demonic ancestry]
  6697 | D:9      | Reached XP level 10. HP: 4/79 MP: 16/16
  6704 | D:9      | Killed Harold
  6704 | D:9      | Reached ***** piety under Okawaru
  6984 | D:9      | Found a flagged portal.
  7002 | Bailey   | Entered a bailey
  7589 | Bailey   | Received a gift from Okawaru
  7732 | Bailey   | Reached skill level 10 in Invocations
  8194 | D:9      | Found a broken altar of Ashenzari.
  8512 | D:9      | Received a gift from Okawaru
  8858 | D:9      | Gained mutation: You have a tail ending in a sharp stinger.
                  | [demonic ancestry]
  8858 | D:9      | Reached XP level 11. HP: 87/87 MP: 19/19
  8881 | D:9      | Reached skill level 11 in Invocations
  9318 | D:9      | Found a shimmering blue altar of Sif Muna.
  9902 | D:10     | Entered Level 10 of the Dungeon
  9903 | D:10     | Found a staircase to the Orcish Mines.
  9997 | D:10     | Noticed a two-headed ogre
  9998 | D:10     | Noticed a two-headed ogre
 10004 | D:10     | Killed a two-headed ogre
 10007 | D:10     | Killed a two-headed ogre
 10142 | D:10     | Received a gift from Okawaru
 10143 | D:10     | Reached skill level 12 in Invocations
 10209 | D:10     | Identified the +3 ring mail of Ethics {rElec}
 10460 | D:11     | Found a gate leading to a gauntlet.
 10466 | Gauntlet | Entered a Gauntlet
 10466 | Gauntlet | Found a transporter.
 10466 | Gauntlet | Found a transporter.
 10468 | Gauntlet | Found a transporter.
 10468 | Gauntlet | Found a transporter.
 10472 | Gauntlet | Found a transporter.
 10472 | Gauntlet | Found a transporter.
 10494 | Gauntlet | Found a runed translucent door.
 10494 | Gauntlet | Found a runed translucent door.
 10498 | Gauntlet | Found a transporter.
 10502 | Gauntlet | Found a transporter.
 10504 | Gauntlet | Noticed a sixfirhy
 10504 | Gauntlet | Noticed a sixfirhy
 10508 | Gauntlet | Noticed a sixfirhy
 10508 | Gauntlet | Noticed a sixfirhy
 10518 | Gauntlet | Found a transporter.
 10531 | Gauntlet | Found a transporter.
 10548 | Gauntlet | Found a transporter.
 10549 | Gauntlet | Found a transporter.
 10702 | Gauntlet | Reached skill level 10 in Fighting
 10732 | Gauntlet | Identified the ring "Zuzuegere" {Fly rF- rN+ rCorr}
 10849 | Gauntlet | Noticed a minotaur
 10855 | Gauntlet | Killed a minotaur
 10861 | Gauntlet | Identified the +9 eveningstar "Wyryasamp" {flame, Will-
                  | Str+4 Dex+4}
 10962 | D:11     | Gained mutation: You are mostly covered in thin metallic
                  | scales. (AC +3) [demonic ancestry]
 10962 | D:11     | Reached XP level 12. HP: 87/97 MP: 21/21
 11143 | D:11     | Found a blossoming altar of Fedhas.
 11568 | D:11     | Found Covaaf's Tremendous Tomes.
 12183 | D:12     | Noticed a centaur warrior
 12195 | D:12     | Killed a centaur warrior
 12195 | D:12     | Received a gift from Okawaru
 12196 | D:12     | Reached skill level 13 in Invocations
 12284 | D:12     | Got the Catalogue of Objectivity
 13023 | D:12     | Noticed a five-headed hydra
 13029 | D:12     | Killed a five-headed hydra
 13445 | D:13     | Received a gift from Okawaru
 13545 | D:13     | Noticed a tengu reaver
 13547 | D:13     | Noticed an ettin
 13566 | D:13     | Noticed a frost giant
 13568 | D:13     | Noticed a fire giant
 13578 | D:13     | Killed from afar by a frost giant

Illustrated notes

Levels and vault maps discovered:
D:1:      onia_arrival_mini_maze, layout_rooms, hangedman_decor_push,
          amethyst_killhole
D:2:      layout_basic, minmay_lizard_pond
D:3:      layout_basic, okawaru_trees_1, mainiacjoe_overflow_chevrons,
          serial_shops, nicolae_shop_tiny_statue_garden
D:4:      layout_basic, mainiacjoe_overflow_alcove_4, tso_oasis_becter,
          nicolae_shop_firing_range, uniq_blork_the_orc, uniq_ijyb,
          uniq_crazy_yiuf_cottage
D:5:      layout_loops_ring
D:6:      layout_rooms, minmay_temple_entry_statues, minmay_misc_feat_pillars,
          grunt_ministairs_3, uniq_grinder
D:7:      layout_loops_cross, minmay_overflow_temple_star_quad, uniq_pikel
D:8:      layout_cave_pods, mainiacjoe_overflow_alcove_2, david_lair_shrubbed,
          kennysheep_cluttered_room, uniq_psyche
D:9:      layout_loops_ring, zin_academy, nicolae_ashenzari_panopticon,
          mainiacjoe_overflow_concentric_impassable, enter_bailey_4,
          grunt_ministairs_8, nicolae_figureground_sparkle, uniq_erolcha,
          uniq_harold
D:10:     layout_cave_pools
D:11:     minmay_weird_star, layout_basic, gauntlet_entry_generic,
          chequers_serial_rivers_small_a, nicolae_shop_i_like_big_books,
          fedhas_altar_1
D:12:     layout_loops_ring, uniq_azrael
D:13:     nicolae_whirlpool, layout_basic, special_room [special_room_orc],
          minmay_diamond_spiral, uniq_urug

Skill      XL: |  1  2  3  4  5  6  7  8  9 10 11 12 |
---------------+-------------------------------------+-----
Maces & Flails | 3 4 |  4.1
Dodging        | 3 |  3.0
Fighting       | 3 4 5 6 7 8 10 11 | 11.0
Shields        | 1 2 3 4 5 6 7 9 |  9.8
Invocations    | 2 3 4 5 7 9 10 12 13 | 13.5
Axes           | 1 2 4 5 7 8 9 |  9.3
Throwing       | |  1.7

Action                     |  1- 3 |  4- 6 |  7- 9 | 10-12 || total
---------------------------+-------+-------+-------+-------++-------
  Melee: Flail             |   154 |    78 |       |       ||   232
         Punch             |     1 |       |     1 |     4 ||     6
         Tailslap          |       |    12 |    20 |    67 ||    99
         Broad axe         |       |    27 |   153 |   375 ||   555
         Unarmed           |       |       |    29 |       ||    29
         Eveningstar       |       |       |       |     4 ||     4
   Fire: Hand cannon       |       |    32 |    61 |   139 ||   232
  Throw: Throwing net      |       |       |       |     2 ||     2
 Invoke: Heroism           |       |     1 |     4 |    10 ||    15
         Finesse           |       |       |       |     2 ||     2
  Evoke: Tin of tremorston |       |       |       |     2 ||     2
    Use: Potion            |       |     2 |     3 |     6 ||    11
         Scroll            |       |       |       |    19 ||    19
 Armour: Leather armour    |   109 |    12 |       |       ||   121
         Scale mail        |       |    86 |   199 |   271 ||   556
         Skin              |       |       |    11 |       ||    11
         Plate armour      |       |       |       |   159 ||   159
  Dodge: Dodged            |    86 |    59 |   144 |   227 ||   516
  Block: Other             |    22 |    11 |    30 |    38 ||   101
         Kite shield       |       |       |       |   212 ||   212

Table legend: (Time is in decaauts)
 A = Elapsed time spent in this place.
 B = Non-inter-level travel time spent in this place.
 C = Inter-level travel time spent in this place.
 D = Time resting spent in this place.
 E = Time spent auto-exploring this place.
 F = Levels seen in this place.
 G = Mean time per level.
                   A        B        C        D        E       F      G
               +--------+--------+--------+--------+--------+-----+--------+
         Total |  13983 |  13514 |    469 |   3212 |   7269 |  15 |  932.2 |
       Dungeon |  12247 |  11778 |    469 |   2555 |   7023 |  13 |  942.1 |
        Bailey |   1287 |   1287 |      0 |    482 |    245 |   1 | 1287.0 |
      Gauntlet |    448 |    448 |      0 |    175 |      0 |   1 |  448.0 |
               +--------+--------+--------+--------+--------+-----+--------+

Top non-repeatable levels by time:
     D:9: 1907 daAuts
    D:11: 1440 daAuts
  Bailey: 1287 daAuts
     D:8: 1205 daAuts
     D:4: 1147 daAuts
    D:12: 1032 daAuts
     D:5: 1019 daAuts
     D:6: 931 daAuts
     D:3: 724 daAuts
     D:7: 712 daAuts
     D:2: 678 daAuts
     D:1: 660 daAuts
    D:10: 561 daAuts
Gauntlet: 448 daAuts
    D:13: 225 daAuts
